Yev-Ruu, chaotic female vampiric Convict ------------ ------- |.........`| |......# ###########%############# |.......%..-#####|.....|# # # ------------#-- |<.........| #|.....|# ----.-### |.............| ------------ #-------### ##......###%#%.............| ##############|....| # |.............| ####......## |.............| #### |....| |.............| ### ##-....| --------------- ######### -|--.- #------# ## ## #|...%|# # # #|..T_|# ########################### ----------- #|...@|# -------.----########## |.....<...| #|.[[%|# |!.........| ---|-- |.........| #|...)-# |...._.....| |....| |..........######|....| |..........| |....| |......_..| ------ ------------ |....| ----------- ------ Yev-Ruu the Jail-bird Experience level: 9 Strength: 14 Dexterity: 16 Constitution: 18 Intelligence: 13 Wisdom: 8 Charisma: 8 Health: 0(89) Energy: 50(50) AC: 0 Gold: 0 Moves: 7187 Your Inventory: Armor b - a cursed burnt +0 striped shirt (being worn) i - an uncursed +0 pair of gauntlets of dexterity (being worn) m - an uncursed +0 cloak of protection (being worn) n - an [uncursed] +0 dwarvish mithril-coat (being worn) o - a cursed very rusty +0 hard hat [dwarvish iron helm] (being worn) s - an [uncursed] +0 white-handed shield [Uruk-hai] K - an uncursed burnt +0 pair of jackboots [high] Rings Q - an uncursed citrine ring [of protection from shape changers] Tools a - an uncursed [+0] unicorn horn f - an uncursed bag called Sack [sack] w - an uncursed towel P - an uncursed looking glass [mirror] U - a blessed magic lamp (lit) Iron balls c - an uncursed heavy iron ball (chained to you) (weapon in hand) Spells known in the end: Name Level Category Fail Memory a - sleep 1 enchantment 100% [|||||||.] Your skills at the end: Fighting Skills Weapon Skills flail [Basic / Expert] sling [Basic / Skilled] Spellcasting Skills Final Attributes: You were piously aligned. Hunger level was 99. Your alignment was 45 / 45. Monster difficulty range was 1 - 9. Level difficulty was 9. You were immune to poison. You were immune to level-drain. You were immune to sickness. You were punished. You could fly. You could survive without air. You regenerated. Your luck was zero. You are dead. Vanquished creatures: a stalker a water elemental an ettin mummy a shocking sphere a large cat a chameleon a panther a leprechaun a giant spider a horse a black light a vampire bat a rust monster a lizard a blue jelly 2 white unicorns a plains centaur 5 water moccasins an ape a soldier ant 6 fire ants a bugbear 2 water nymphs 4 Uruk-hai an orc shaman 2 rock piercers a pony a fog cloud 2 yellow lights a violet fungus 4 gnome lords a red naga hatchling 2 gray oozes a straw golem 2 wax golems 5 giant ants a little dog 3 floating eyes 7 dwarves a kobold lord a kobold shaman 9 hill orcs 5 rothes a rabid rat a giant bat a monkey 2 orc zombies 4 dwarf zombies 2 werejackals 2 iguanas 9 killer bees 2 acid blobs 2 coyotes 2 gas spores 3 hobbits 7 manes a large kobold 3 hobgoblins a giant rat a yellow mold 25 gnomes 2 garter snakes a gnome zombie 2 geckos 7 jackals 4 kobolds 3 goblins a sewer rat 9 grid bugs 3 lichens 4 kobold zombies 4 newts 197 creatures vanquished. Voluntary challenges: You went without food. You never hit with a wielded weapon. You read items or engraved 2 times. You put on armor 22 times. You never genocided any monsters. You never polymorphed an object. You never changed form. You used no wishes. You abstained from Elbereth's help. You never encountered a bones level. You never used any Sokoban shortcuts. Dungeon overview: The Dungeons of Doom: levels 1 to 10 Level 1 an altar to Tymora, some fountains a long staircase Level 2 (Vault) a fountain stairs to The Gnomish Mines Level 4 (vault) an altar Level 8 a fountain Level 9 <- You were here some altars stairs to Sokoban Level 10 a fountain, many trees The Gnomish Mines: levels 3 to 5 Level 3 stairs to The Dungeons of Doom Sokoban: Level 8 stairs to The Dungeons of Doom History has recorded: On T:1 you entered the Dungeons of Doom to retrieve the Amulet of Yendor! On T:486 you reached level 2 of The Dungeons of Doom. On T:535 you advanced to experience level 2. On T:638 you reached level 1 of The Gnomish Mines. On T:644 you advanced to experience level 3. On T:657 you advanced to experience level 4. On T:710 you advanced to experience level 5. On T:1104 you advanced to experience level 6. On T:1327 you reached level 2 of The Gnomish Mines. On T:1427 you advanced to experience level 7. On T:1566 you reached level 3 of The Gnomish Mines. On T:2496 you reached level 3 of The Dungeons of Doom. On T:2847 you reached level 4 of The Dungeons of Doom. On T:3267 you reached level 5 of The Dungeons of Doom. On T:3582 you advanced to experience level 8. On T:3714 you reached level 6 of The Dungeons of Doom. On T:3930 you reached level 7 of The Dungeons of Doom. On T:4719 you reached level 8 of The Dungeons of Doom. On T:4887 you reached level 9 of The Dungeons of Doom. On T:5093 you reached level 3 of Sokoban. On T:5281 you advanced to experience level 9. On T:7060 you reached level 10 of The Dungeons of Doom. Latest messages: Your cloak of protection is not affected. [HP-29=49] With great effort you climb the stairs. The troll hits! (2x) The troll bites! [HP-18=31] c - an uncursed heavy iron ball (chained to you) (weapon in hand). You have no secondary weapon readied. The troll just misses! You stop searching. The troll hits! The troll misses. [HP-5=26] You are already wielding that! The troll hits! (2x) The troll bites! [HP-21=5] The troll misses. The troll hits! You die... The sack is empty. Final status: Goodbye Yev-Ruu the Convict... You died in The Dungeons of Doom on dungeon level 9 with 11040 points, and 0 pieces of gold, after 7187 moves. You were level 9 with a maximum of 89 hit points when you died.